 Dungeon Crawl Stone Soup version 0.22-a0-460-g49b1da7e92 (webtiles) character file.

11 Oravi the Gusty (level 2, 0/15 HPs)
             Began as a Tengu Air Elementalist on June 9, 2018.
             Succumbed to an adder's poison
             ... on level 2 of the Dungeon.
             The game lasted 00:01:35 (728 turns).

Oravi the Gusty (Tengu Air Elementalist)             Turns: 728, Time: 00:01:36

Health: 0/15       AC:  2    Str: 13    XL:     2   Next: 25%
Magic:  0/6        EV: 12    Int: 15    God:
Gold:   33         SH:  0    Dex: 14    Spells: 4/5 levels left

rFire    . . .     SeeInvis .   e - +0 short sword
rCold    . . .     Gourm    .   (no shield)
rNeg     . . .     Faith    .   a - +0 robe
rPois    .         Spirit   .   (helmet restricted)
rElec    .         Reflect  .   (no cloak)
rCorr    .         Harm     .   (no gloves)
MR       .....                  (boots unavailable)
Stlth    ++........             (no amulet)
HPRegen  0.05/turn              (no ring)
MPRegen  0.10/turn              (no ring)

@: mighty, lethally poisoned (0 -> -9)
A: beak, talons 3
a: no special abilities


You were on level 2 of the Dungeon.
You were not hungry.

You visited 1 branch of the dungeon, and saw 2 of its levels.

You collected 33 gold pieces.

Inventory:

Hand Weapons
 e - a +0 short sword (weapon)
Missiles
 h - 24 stones (quivered)
Armour
 a - a +0 robe (worn)
Scrolls
 f - a scroll of immolation {unknown}
 k - a scroll of identify {unknown}
Potions
 g - a potion of degeneration {unknown}
 i - a potion of flight {unknown}
 j - a potion of magic {unknown}
Comestibles
 c - 2 rations
 d - a chunk of flesh


   Skills:
 - Level 2.1 Dodging
 - Level 2.0 Stealth
 + Level 2.2 Spellcasting
 + Level 2.1 Conjurations
 + Level 4.3 Air Magic


You had 4 spell levels left.
You knew the following spells:

 Your Spells              Type           Power        Failure   Level  Hunger
a - Shock                 Conj/Air       ##..         6%          1    #......

Your spell library contained the following spells:

 Spells                   Type           Power        Failure   Level  Hunger
 Lightning Bolt           Conj/Air       ##........   85%         5    ######.
 Swiftness                Chrm/Air       #.......     14%         2    ###....
 Airstrike                Air            ##........   36%         4    #####..
 Static Discharge         Conj/Air       ##......     17%         3    ###....


Dungeon Overview and Level Annotations

Branches:
Dungeon (2/15)

Altars:


Innate Abilities, Weirdness & Mutations

You have a beak for a mouth.
You have claws for feet.


Message History

The adder is almost dead.
The adder bites you.
You barely miss the adder.
The adder is almost dead.
The adder bites you. The adder misses you.
Casting: Shock (safe; 6% risk of failure)
Confirm with . or Enter, or press ? or * to list all spells.
Aiming: Shock (safe; 6% risk of failure)
Press: ? - help, Shift-Dir - straight line, f/p - adder
Aim: an adder (almost dead)
The zap misses the adder.
The adder bites you.
* * * LOW HITPOINT WARNING * * *
You are lethally poisoned!
The adder poisons you!
Casting: Shock (safe; 6% risk of failure)
Confirm with . or Enter, or press ? or * to list all spells.
You don't have enough magic to cast that spell.
It was a potion of might.
You feel very mighty all of a sudden.
You die...

#..# #..##
#...#######
#.........#
#...#####.#
#.### #.#
#########.#
#..r.S@...#
.....#######
###


You could see an adder and a rat.

Vanquished Creatures
  A ball python (D:1)
  4 bats (D:1)
  A hobgoblin (D:1)
  3 kobolds (D:1)
  2 rats (D:1)
11 creatures vanquished.

Notes
Turn   | Place    | Note
-------+----------+-------------------------------------------
     0 | D:1      | Oravi the Tengu Air Elementalist began the quest for the Orb.
     0 | D:1      | Reached XP level 1. HP: 10/10 MP: 4/4
   193 | D:1      | Reached XP level 2. HP: 15/15 MP: 3/6
   728 | D:2      | Succumbed to an adder's poison

Vault maps used:
D:1:      lemuel_arrival_cross
D:2:      lemuel_blue_sif_altar, xom_teletrap_fun,
          minmay_overflow_temple_star_quad, zin_purify,
          makhleb_blood_cavern_becter

Skill      XL: |  1  2 |
---------------+-------+-----
Conjurations   | 2 |  2.1
Dodging        | |  2.1
Stealth        | |  2.0
Spellcasting   | |  2.2
Air Magic      | |  4.3

Action                   || total
-------------------------++-------
Melee: Unarmed           ||     2
       Kick              ||     2
       Short sword       ||     3
 Cast: Shock             ||    22
  Use: Potion            ||     1
Armor: Robe              ||     3
Dodge: Dodged            ||     7

Table legend:
 A = Spawn XP
 B = Non-spawn XP
 C = Spawn XP percentage of total XP
 D = Spawn monster count
 E = Non-spawn monster count
 F = Spawn count percentage of total count
 G = Total turns spent on level
                    A         B        C        D         E        F      G
               +---------+---------+-------+---------+---------+-------+---------
         Total |       0 |      16 |   0.0 |       0 |      11 |   0.0 |   728
               +---------+---------+-------+---------+---------+-------+---------
           D:1 |       0 |      16 |   0.0 |       0 |      11 |   0.0 |   704
               +---------+---------+-------+---------+---------+-------+---------
